Garrett, chaotic male human Rogue ------- |@f.).. |.f..%| |%....| #......| ##------- Garrett the Cutpurse Experience level: 4 Strength: 17 Dexterity: 16 Constitution: 16 Intelligence: 10 Wisdom: 11 Charisma: 8 Health: 0(34) Energy: 16(16) Def: 8 Gold: 142 Moves: 6305 Dungeon seed: 2eE3RZNP6XiDghE8 Game ID: Garrett_1575636320 Your Inventory: Weapons a - an uncursed +0 short sword (weapon in hand) b - 24 uncursed +0 daggers (in quiver) v - 3 uncursed +0 darts of lightning M - 13 blessed +0 darts Potions c - an uncursed potion of sickness m - a blessed potion of sleeping O - an uncursed potion of oil Scrolls J - a blessed scroll of gold detection P - 3 uncursed scrolls of blank paper Tools d - an uncursed lock pick f - an uncursed oil lamp (0:1170) g - an uncursed sack N - an uncursed magic whistle Rings i - an uncursed ring of see invisible Armor e - an uncursed +1 leather armor (being worn) n - an uncursed +0 dwarvish iron helm (being worn) q - a blessed +1 mummy wrapping r - an uncursed +1 dwarvish cloak (being worn) Coins $ - 142 gold pieces Comestibles G - an uncursed female lizard corpse I - an uncursed tripe ration Contents of the sack: an uncursed wand of digging (0:5) a cursed wand of secret door detection (0:14) an uncursed scroll of light a cursed scroll of light 2 uncursed citrine stones 2 uncursed worthless pieces of blue glass 2 uncursed worthless pieces of orange glass 2 uncursed worthless pieces of red glass 3 uncursed worthless pieces of violet glass 2 uncursed worthless pieces of white glass Spells and supernatural/magical abilities: Name Level Category Cost Memory W - pray for help -- divine ? -- Your skills at the end: Fighting Skills wands [Basic] Weapon Skills dagger [Basic] short sword [Basic] Spellcasting Skills Final Attributes: You were piously aligned. You were fire resistant. You were telepathic. You were stealthy. You were protected. Kos was noncommittal. You are dead. Vanquished creatures: a small mimic a giant spider a gnome king a lizard a dwarf lord a dust vortex 8 bugbears 2 Mordor orcs an orc shaman a rock piercer a fog cloud a yellow light a shrieker 8 gnome lords 6 gnomish wizards a kobold mummy a red naga hatchling a golden naga hatchling a guardian naga hatchling a straw golem 2 paper golems a floating eye a kitten 9 dwarves 3 kobold lords 6 rothes 2 rabid rats 4 giant bats a dwarf zombie 3 iguanas an acid blob a gas spore 2 hobbits 10 manes 2 large kobolds 8 hobgoblins 2 giant rats 6 cave spiders a brown mold 4 yellow molds a red mold 27 gnomes 3 geckos 2 jackals 4 kobolds a sewer rat 2 grid bugs 2 bats 5 lichens 2 kobold zombies 6 newts 164 creatures vanquished. Voluntary challenges: You had been an atheist until turn 1835. You used a wielded weapon 4 times, starting on turn 1924. You read items or engraved 5 times, starting on turn 4218. You never genocided any monsters. You never polymorphed an object. You never changed form. You used no wishes. You never split a pudding. You wrote Elbereth's name 2 times, starting on turn 4415. You never violated your personal moral code. Dungeon overview: The Dungeons of Doom: levels 1 to 9 Level 1 a long staircase Level 2 some fountains, a sink Level 3 a general store, some fountains, a vault stairs to The Gnomish Mines Level 4 Level 5 a potion shop Level 6 a vault Level 7 a fountain, a vault Level 8 a fountain, a throne Level 9 <- You were here The Gnomish Mines: levels 4 to 7 Level 4 stairs to The Dungeons of Doom Level 5 Level 6 Level 7 many shops, a temple to Kos, some fountains History has recorded: On T:1 you entered the Dungeons of Doom to retrieve the Amulet of Yendor! On T:174 you reached level 2 of The Dungeons of Doom. On T:350 you reached level 3 of The Dungeons of Doom. On T:591 you reached level 4 of The Dungeons of Doom. On T:640 you reached level 1 of The Gnomish Mines. On T:707 you advanced to experience level 2. On T:917 you advanced to experience level 3. On T:1049 you reached level 2 of The Gnomish Mines. On T:1370 you reached level 3 of The Gnomish Mines. On T:1585 you reached level 4 of The Gnomish Mines. On T:3280 you reached level 5 of The Dungeons of Doom. On T:3515 you reached level 6 of The Dungeons of Doom. On T:3637 you advanced to experience level 4. On T:3904 you reached level 7 of The Dungeons of Doom. On T:3925 you reached level 8 of The Dungeons of Doom. On T:6192 you reached level 9 of The Dungeons of Doom. Score breakdown: Gold: 142 ( 7331 points) Experience: 4 levels ( 9649 points) Exploration: 9 levels ( 20.00%) (12792 points) Discoveries: 4 items ( 1.32%) ( 3452 points) Valuables value: (no points given unless you survive) Artifact value: 0 ( 0 points) Variety of kills: 51 monsters ( 13.42%) (10990 points) Turncount: 6305 turns (-1697 points) Survival: died (score multiplied by 80%) Total score: 34013 Latest messages: The newt is killed! Yuumi bites the lynx. The lynx misses Yuumi. (3x) The lynx hits Yuumi. The lynx misses Yuumi. (2x) Yuumi misses the lynx. You see here a male rabid rat corpse. P - 2 unlabeled scrolls. P - an unlabeled scroll. The lynx hits Yuumi. (2x) The lynx bites Yuumi. Yuumi bites the lynx. The dagger hits the lynx. The lynx hits! (2x) The lynx bites! You write in the dust with your fingers. The lynx hits! (2x) The lynx bites! There is a staircase up here. Something is written here in the dust. You read: "Elbfgeth". You add to the writing in the dust with your fingers. The lynx hits! (2x) The lynx bites! The lynx hits! (2x) You die... Final status: Goodbye Garrett the Rogue, killed by a lynx... You died in The Dungeons of Doom on dungeon level 9 with 34013 points, and 142 pieces of gold, after 6305 moves. You were level 4 with a maximum of 34 hit points when you died.